 Dungeon Crawl Stone Soup version 0.30-a0-920-g7493c07aab (webtiles) character file.

Game seed: 14791256447335969769

116625 billz999 the Skirmisher (level 16, -9/128 HPs)
             Began as a Gnoll Hunter on Mar 21, 2023.
             Was the Champion of Okawaru.
             Mangled by an alligator (26 damage)
             ... on level 2 of the Swamp.
             The game lasted 01:33:03 (25067 turns).

billz999 the Skirmisher (Gnoll Hunter)             Turns: 25067, Time: 01:33:03

Health: -9/128     AC: 19    Str: 17    XL:     16   Next: 71%
Magic:  27/31      EV: 39    Int: 13    God:    Okawaru [******]
Gold:   222        SH:  0    Dex: 31    Spells: 11/38 levels left

rFire   . . .      SeeInvis .    b - +12 halberd of Defenestration {drain, Dex+9}
rCold   . . .      Faith    .    (shield currently unavailable)
rNeg    + . .      Spirit   .    f - +5 ring mail "Vapeqar" {rPois Regen+ Int-3}
rPois   +          Reflect  .    P - +1 helmet
rElec   .          Rampage  +    C - scarf "Elaoju" {harm, Rampage rPois rN+}
rCorr   +          Harm     + .  J - +0 pair of gloves
Will    +....                    c - +1 pair of boots "Huur" {rCorr}
Stlth   +++++                    F - amulet of the acrobat
HPRegen 1.21/turn                q - +6 ring of dexterity
MPRegen 0.22/turn                E - +6 ring of strength

@: about to teleport, acrobatic
A: fangs 1, strong nose, distributed training
a: Renounce Religion, Heroism, Finesse, Duel


You were on level 2 of the Swamp.
You worshipped Okawaru.
Okawaru was exalted by your worship.
You visited 5 branches of the dungeon, and saw 25 of its levels.
You also visited: Ossuary.

You collected 2557 gold pieces.
You spent 2335 gold pieces at shops.

Inventory:

Hand Weapons
 a - a +9 shortbow of freezing
 b - the +12 halberd of Defenestration (weapon) {drain, Dex+9}
   (Okawaru gifted it to you on level 13 of the Dungeon)

   Dex:       It affects your dexterity (+9).
 k - the +11 falchion "Beastbane" {flame, rPois Str+3 Int-3 Stlth+}
   (You found it on level 5 of the Dungeon)

   Str:       It affects your strength (+3).
   Int:       It affects your intelligence (-3).
   rPois:     It protects you from poison.
   Stlth:     It makes you more stealthy.
 x - the +6 dagger "Xiluhiv" {drain, rElec rC+}
   (You found it on level 6 of the Dungeon)

   rC:        It protects you from cold.
   rElec:     It insulates you from electricity.
 Q - the +7 trident "Agah Cisk" {elec, rF++}
   (You bought it in a shop on level 2 of the Orcish Mines)

   rF:        It greatly protects you from fire.
Missiles
 M - 13 curare-tipped darts
 T - 15 silver javelins
Armour
 c - the +1 pair of boots "Huur" (worn) {rCorr}
   (You acquired it on level 2 of the Orcish Mines)

   rCorr:     It protects you from acid and corrosion.
 f - the +5 ring mail "Vapeqar" (worn) {rPois Regen+ Int-3}
   (Okawaru gifted it to you on level 2 of the Lair of Beasts)

   Int:       It affects your intelligence (-3).
   rPois:     It protects you from poison.
   Regen:     It increases your rate of health regeneration.
 C - the scarf "Elaoju" (worn) {harm, Rampage rPois rN+}
   (You bought it in a shop on level 2 of the Orcish Mines)

   rPois:     It protects you from poison.
   rN:        It protects you from negative energy.
   Rampage:   It bestows one free step when moving towards enemies.
 J - a +0 pair of gloves (worn)
 P - a +1 helmet (worn)
Jewellery
 m - a ring of protection from cold
 q - a +6 ring of dexterity (left hand)
 E - a +6 ring of strength (right hand)
 F - an amulet of the acrobat (around neck)
 O - a +6 ring of dexterity
Wands
 h - a wand of mindburst (6)
 j - a wand of digging (18)
 y - a wand of flame (92)
 B - a wand of polymorph (6)
 I - a wand of iceblast (25)
 X - a wand of quicksilver (11)
Scrolls
 e - 4 scrolls of enchant weapon
 g - 7 scrolls of teleportation
 o - 3 scrolls of poison
 p - 2 scrolls of fear
 t - 2 scrolls of silence
 z - 6 scrolls of immolation
 A - 2 scrolls of enchant armour
 G - 2 scrolls of identify
 R - 3 scrolls of magic mapping
 S - a scroll of torment
 V - 3 scrolls of fog
 W - 3 scrolls of amnesia
Potions
 d - 3 potions of brilliance
 i - 7 potions of degeneration
 l - 4 potions of mutation
 n - 4 potions of haste
 r - 4 potions of might
 s - 7 potions of curing
 u - 5 potions of flight
 v - 4 potions of heal wounds
 w - 3 potions of invisibility
 D - 8 potions of attraction
 H - 2 potions of resistance
 K - 4 potions of cancellation
 L - a potion of ambrosia
 N - 6 potions of lignification
 U - 3 potions of magic
Miscellaneous
 Y - a tin of tremorstones (1/2)
 Z - a box of beasts


   Skills:
 + Level 12.3 Fighting
 + Level 11.5 Short Blades
 + Level 11.5 Long Blades
 + Level 11.5 Axes
 + Level 11.5 Maces & Flails
 + Level 11.5 Polearms
 + Level 11.5 Staves
 + Level 14.1 Ranged Weapons
 + Level 11.5 Throwing
 + Level 11.5 Armour
 + Level 12.3 Dodging
 + Level 11.7 Stealth
 + Level 11.5 Shields
 + Level 11.5 Unarmed Combat
 + Level 11.5 Spellcasting
 + Level 9.7 Conjurations
 + Level 9.7 Hexes
 + Level 9.7 Summonings
 + Level 9.7 Necromancy
 + Level 9.7 Translocations
 + Level 9.7 Transmutations
 + Level 9.7 Fire Magic
 + Level 9.7 Ice Magic
 + Level 9.7 Air Magic
 + Level 9.7 Earth Magic
 + Level 9.7 Poison Magic
 + Level 12.5 Invocations
 + Level 11.5 Evocations


You had 11 spell levels left.
You knew the following spells:

 Your Spells              Type           Power      Damage    Failure   Level
a - Mephitic Cloud        Conj/Pois/Air  32%        N/A       1%          3
b - Flame Wave            Conj/Fire      32%        2d9       2%          4
c - Passage of Golubria   Tloc           32%        N/A       2%          4
d - Silence               Hex/Air        16%        N/A       8%          5
e - Yara's Violent Unrav  Hex/Tmut       16%        3d8       8%          5
f - Iron Shot             Conj/Erth      16%        9d4       38%         6

Your spell library contained the following spells:

 Spells                   Type           Power      Damage    Failure   Level
 Magic Dart               Conj           100%       1d8       1%          1
 Lesser Beckoning         Tloc           64%        N/A       1%          2
 Scorch                   Fire           64%        2d8       1%          2
 Dazzling Flash           Conj/Hex       64%        N/A       1%          3
 Gell's Gravitas          Tloc           32%        N/A       1%          3
 Inner Flame              Hex/Fire       32%        N/A       1%          3
 Teleport Other           Tloc           32%        N/A       1%          3
 Sticky Flame             Conj/Fire      32%        2d5       2%          4
 Agony                    Necr           32%        N/A       8%          5
 Blade Hands              Tmut           16%        N/A       8%          5
 Call Imp                 Summ           Unusable   N/A       N/A         2
 Tukima's Dance           Hex            Unusable   N/A       N/A         3
 Animate Armour           Summ/Erth      Unusable   N/A       N/A         4
 Summon Cactus Giant      Summ           Unusable   N/A       N/A         6

Dungeon Overview and Level Annotations

Branches:
Dungeon (15/15)            Temple (1/1) D:4            Lair (5/5) D:11
  Swamp (2/4) Lair:2        Snake (0/4) Lair:3        Slime (0/5) Lair:4
    Orc (2/2) D:10            Elf (0/3) Orc:2        Vaults (0/5) D:13
 Depths (0/4) D:15        Ossuary (visited)

Altars:
Ashenzari
Cheibriados
Dithmenos
Elyvilon
Fedhas
Gozag
Hepliaklqana
Kikubaaqudgha
Makhleb
Nemelex Xobeh
Okawaru
Qazlal
Ru
Sif Muna
Trog
Uskayaw
Vehumet
Wu Jian
Xom
Yredelemnul
Zin
The Shining One

Shops:
D:1 (   D:6 (!   D:10 *   Orc:1 :   Orc:2 (?*[?

Portals:
Trove: D:11 (give 12 potions of heal wounds)

Annotations:
D:12 5 runed translucent doors, Iniera's ghost, journeyman VSCj
Lair:2 1 runed translucent door, puppykicker's ghost, journeyman TeHW


Innate Abilities, Weirdness & Mutations

You have very sharp teeth.
Your uncanny sense of smell can sniff out nearby items.
Your experience applies equally to all skills.


Message History

The alligator attacks as you move away! The alligator bites you!!
The alligator closely misses you.
The swamp worm is engulfed in noxious fumes.
The swamp worm appears confused.
Casting: Mephitic Cloud (safe; 1% risk of failure)
Confirm with . or Enter, or press ? or * to list all spells.
Aiming: Mephitic Cloud (safe; 1% risk of failure)
Press: ? - help, Shift-Dir - straight line, f/p - alligator
Aim: an alligator (severely wounded, strong, covering ground quickly, chance to affect: 43%)
The ball explodes into a vile cloud!
The stinking cloud engulfs the alligator but does no damage.
The alligator is severely wounded.
The stinking cloud engulfs you but does no damage.
The stinking cloud engulfs the alligator but does no damage.
The alligator is engulfed in noxious fumes.
The alligator appears confused.
The alligator closely misses you. The alligator misses you.
The alligator barely misses you. The alligator misses you.
The alligator is engulfed in noxious fumes.
The alligator attacks as you move away! The alligator bites you!!
The alligator barely misses you.
You enter the shallow water.
Moving in this stuff is going to be slow.
The alligator is engulfed in noxious fumes. x2
The bunyip howls a warning cry!
The alligator puts on a burst of speed!
The alligator bites you!
* * * LOW HITPOINT WARNING * * *
The alligator completely misses you. x3
As you read the scroll of teleportation, it crumbles to dust.
You feel strangely unstable. The alligator bites you!!
* * * LOW HITPOINT WARNING * * *
The alligator tail-slaps you but does no damage.
The alligator barely misses you. The alligator completely misses you.
Okay, then.
The alligator seems less confused.
The swamp worm no longer looks unusually strong.
The bunyip completely misses you.
The bunyip claws you but does no damage.
The bunyip barely misses you. The alligator barely misses you. x2
The alligator bites you!!
You die...

...♣♣♣.~~..~~~~~~~~~~~~~~♣♣
.
~~~.♣♣~~~~.~~~~~~~~~~§~..♣
~~~.~~.~~.w~~~~~~~.~..~♣♣♣
~~~~~..~~...~~~~~§§~~♣♣♣
.~~~.♣♣..).~~~~~§.~.~♣
~...♣♣♣♣♣§§~~°~~~..§♣♣
♣♣...♣♣ ♣....~~~..♣♣ ♣~...♣
♣.°..~tt..♣ ♣♣♣♣♣♣
♣.~.~~x@.~♣ ♣..~~~~.♣♣♣
♣~.§~§.♣♣ ♣♣♣~~♣♣♣ ♣♣♣♣


You could see a bunyip (strong), 2 alligators and a swamp worm (confused).

Vanquished Creatures
  Nikola (Swamp:1)
  Jorgrun (Orc:2)
  Rupert (D:14)
  Frances (D:12)
  A frost giant (D:15)
  An orc warlord (Orc:2)
  Louise (Swamp:2)
  A bunyip (Swamp:2)
  4 eleionomae
  Snorg (D:11)
  A fire dragon (D:15)
  Josephine (Lair:4)
  Fannar (D:11)
  A ghost crab (Swamp:2)
  5 ogre magi
  4 vault guards (D:13)
  4 hydras
  8 centaur warriors
  6 alligators
  A boulder beetle (D:14)
  3 tengu warriors
  22 two-headed ogres
  2 orc high priests (Orc:1)
  5 skeletal warriors
  A spriggan (Swamp:2)
  A swamp dragon (Swamp:2)
  3 bog bodies
  2 spriggan druids
  6 goliath frogs
  3 deep elf pyromancers
  An orc knight (D:13)
  2 manticores
  2 orc sorcerers
  A will-o-the-wisp (Swamp:1)
  7 cyclopes
  6 ugly things (D:15)
  Maurice (D:14)
  3 black mambas
  2 torpor snails
  17 cane toads
  A water nymph (shapeshifter) (D:14)
  2 gargoyles (D:13)
  Maggie (Lair:1)
  2 kobold demonologists
  Psyche (D:11)
  11 komodo dragons
  3 rime drakes
  An efreet (D:15)
  5 yaktaurs
  A tengu conjurer (D:13)
  A freezing wraith (D:15)
  7 trolls
  A polar bear (Lair:1)
  5 tyrant leeches
  3 meliai (D:14)
  A hornet (Swamp:2)
  27 blink frogs
  14 dream sheep
  10 slime creatures
  A centaur simulacrum (D:14)
  9 wraiths
  2 vampires
  34 yaks
  3 fire bats (Lair:4)
  9 wyverns
  8 basilisks
  A water elemental (D:11)
  A human (shapeshifter) (D:14)
  2 steam dragons
  15 vampire mosquitoes
  5 swamp worms
  3 nagas (Lair:3)
  5 wargs
  An acid dragon (D:13)
  12 water moccasins
  23 orc warriors
  5 black bears
  2 sky beasts
  4 wolves (Lair:3)
  10 centaurs
  28 ogres
  4 boggarts (D:15)
  2 phantoms
  4 kobold brigands
  13 bullfrogs
  5 scorpions
  A gnoll sergeant (D:5)
  5 wights (D:7)
  5 killer bees
  5 electric eels
  3 howler monkeys
  2 hounds
  7 jellies
  9 orc priests
  A gnoll bouda (D:7)
  2 human zombies (Ossuary)
  A sleepcap (D:6)
  5 iguanas
  24 orc wizards
  7 hell rats (Lair:3)
  2 mummies (Ossuary)
  6 gnolls
  8 adders
  2 shadow imps
  An adder zombie (Ossuary)
  A worm (D:4)
  5 dart slugs
  62 orcs
  12 endoplasms
  A giant cockroach (D:1)
  7 goblins
  9 hobgoblins
  3 jackals (D:1)
  9 quokkas
  6 ball pythons
  4 bats
  4 frilled lizards
  A goblin zombie (Ossuary)
  13 hobgoblin zombies (Ossuary)
  2 jackal zombies (Ossuary)
  13 kobolds
  11 kobold zombies (Ossuary)
  6 orc zombies (Ossuary)
  7 rats
  A rat zombie (Ossuary)
716 creatures vanquished.

Vanquished Creatures (collateral kills)
  An unseen horror (D:10)
1 creature vanquished.

Vanquished Creatures (others)
  2 bloated husks (Swamp:2)
  A swamp worm (Swamp:2)
  20 fungi
  77 plants
100 creatures vanquished.

Grand Total: 817 creatures vanquished

Notes
Turn   | Place    | Note
-------+----------+-------------------------------------------
     0 | D:1      | billz999 the Gnoll Hunter began the quest for the Orb.
     0 | D:1      | Reached XP level 1. HP: 20/20 MP: 1/1
    45 | D:1      | Reached XP level 2. HP: 26/26 MP: 2/2
   147 | D:1      | Found Qiatz's Weapon Shoppe.
   348 | D:1      | Reached XP level 3. HP: 31/31 MP: 3/3
   472 | D:1      | Reached skill level 1 in Invocations
   611 | D:2      | Reached skill level 1 in Short Blades
   611 | D:2      | Reached skill level 1 in Long Blades
   611 | D:2      | Reached skill level 1 in Axes
   611 | D:2      | Reached skill level 1 in Maces & Flails
   611 | D:2      | Reached skill level 1 in Polearms
   611 | D:2      | Reached skill level 1 in Staves
   611 | D:2      | Reached skill level 1 in Throwing
   611 | D:2      | Reached skill level 1 in Armour
   611 | D:2      | Reached skill level 1 in Shields
   611 | D:2      | Reached skill level 1 in Unarmed Combat
   611 | D:2      | Reached skill level 1 in Spellcasting
   611 | D:2      | Reached skill level 1 in Evocations
   645 | D:2      | Reached XP level 4. HP: 36/38 MP: 5/5
   948 | D:2      | Reached skill level 1 in Conjurations
   948 | D:2      | Reached skill level 1 in Hexes
   948 | D:2      | Reached skill level 1 in Summonings
   948 | D:2      | Reached skill level 1 in Necromancy
   948 | D:2      | Reached skill level 1 in Translocations
   948 | D:2      | Reached skill level 1 in Transmutations
   948 | D:2      | Reached skill level 1 in Fire Magic
   948 | D:2      | Reached skill level 1 in Ice Magic
   948 | D:2      | Reached skill level 1 in Air Magic
   948 | D:2      | Reached skill level 1 in Earth Magic
   948 | D:2      | Reached skill level 1 in Poison Magic
  1476 | D:2      | Found a faded altar of an unknown god.
  1643 | D:3      | Reached XP level 5. HP: 38/43 MP: 5/7
  1794 | D:3      | Noticed an ogre
  1799 | D:3      | Killed an ogre
  1977 | D:4      | Reached XP level 6. HP: 50/50 MP: 8/8
  1985 | D:4      | Found a staircase to the Ecumenical Temple.
  2023 | Temple   | Entered the Ecumenical Temple
  2029 | Temple   | Became a worshipper of Warmaster Okawaru
  2102 | D:4      | Noticed a black bear
  2107 | D:4      | Reached skill level 5 in Fighting
  2107 | D:4      | Reached skill level 5 in Dodging
  2108 | D:4      | Killed a black bear
  2185 | D:4      | Reached XP level 7. HP: 56/56 MP: 10/10
  2337 | D:4      | Found a sand-covered staircase.
  2346 | Ossuary  | Entered an ossuary
  2424 | Ossuary  | Reached * piety under Okawaru
  2942 | D:5      | Entered Level 5 of the Dungeon
  2942 | D:5      | Found a snail-covered altar of Cheibriados.
  2978 | D:5      | Reached skill level 9 in Ranged Weapons
  3061 | D:5      | Found an ancient bone altar of Kikubaaqudgha.
  3094 | D:5      | Reached XP level 8. HP: 63/63 MP: 12/12
  3115 | D:5      | Reached ** piety under Okawaru
  3440 | D:5      | Found a bloodstained altar of Trog.
  3518 | D:5      | Identified the +11 falchion "Beastbane" {flame, rPois Str+3
                  | Int-3 Stlth+}
  3911 | D:6      | Identified the +6 dagger "Xiluhiv" {drain, rElec rC+}
  4132 | D:6      | Found Meoxad's Distillery.
  4139 | D:6      | Reached *** piety under Okawaru
  4153 | D:6      | Bought a potion of curing for 36 gold pieces
  4193 | D:6      | Reached XP level 9. HP: 69/69 MP: 14/14
  4569 | D:6      | Found Herghuj's Antique Weapon Shoppe.
  5067 | D:7      | Reached skill level 5 in Stealth
  5354 | D:7      | Reached skill level 5 in Invocations
  5378 | D:7      | Reached **** piety under Okawaru
  5775 | D:7      | Found a burning altar of Makhleb.
  5775 | D:7      | Noticed a cacodemon
  5778 | D:7      | Noticed a smoke demon
  5984 | D:8      | Received a gift from Okawaru
  6104 | D:8      | Received a gift from Okawaru
  6143 | D:7      | Reached skill level 5 in Short Blades
  6143 | D:7      | Reached skill level 5 in Long Blades
  6143 | D:7      | Reached skill level 5 in Axes
  6143 | D:7      | Reached skill level 5 in Maces & Flails
  6143 | D:7      | Reached skill level 5 in Polearms
  6143 | D:7      | Reached skill level 5 in Staves
  6143 | D:7      | Reached skill level 5 in Throwing
  6143 | D:7      | Reached skill level 5 in Armour
  6143 | D:7      | Reached skill level 5 in Shields
  6143 | D:7      | Reached skill level 5 in Unarmed Combat
  6143 | D:7      | Reached skill level 5 in Spellcasting
  6143 | D:7      | Reached skill level 5 in Evocations
  6143 | D:7      | Reached XP level 10. HP: 64/77 MP: 17/17
  6251 | D:8      | Reached skill level 10 in Ranged Weapons
  6498 | D:8      | Noticed a two-headed ogre
  6507 | D:8      | Killed a two-headed ogre
  6591 | D:8      | Found a radiant altar of Vehumet.
  7347 | D:9      | Reached ***** piety under Okawaru
  7451 | D:9      | Learned a level 3 spell: Mephitic Cloud
  7456 | D:9      | Learned a level 4 spell: Flame Wave
  7520 | D:9      | Identified the +2 robe of Damp Salvation {+Blink rPois}
  7668 | D:9      | Found a hazy altar of Hepliaklqana.
  7668 | D:9      | Found an opulent altar of Gozag.
  8375 | D:10     | Entered Level 10 of the Dungeon
  8403 | D:10     | Noticed a two-headed ogre
  8416 | D:10     | Killed a two-headed ogre
  8539 | D:10     | Found Taicw's Assorted Antiques.
  8623 | D:10     | Received a gift from Okawaru
  8645 | D:10     | Reached skill level 5 in Conjurations
  8645 | D:10     | Reached skill level 5 in Hexes
  8645 | D:10     | Reached skill level 5 in Summonings
  8645 | D:10     | Reached skill level 5 in Necromancy
  8645 | D:10     | Reached skill level 5 in Translocations
  8645 | D:10     | Reached skill level 5 in Transmutations
  8645 | D:10     | Reached skill level 5 in Fire Magic
  8645 | D:10     | Reached skill level 5 in Ice Magic
  8645 | D:10     | Reached skill level 5 in Air Magic
  8645 | D:10     | Reached skill level 5 in Earth Magic
  8645 | D:10     | Reached skill level 5 in Poison Magic
  8645 | D:10     | Reached XP level 11. HP: 73/85 MP: 9/20
  8730 | D:10     | Received a gift from Okawaru
  9049 | D:10     | Received a gift from Okawaru
  9181 | D:10     | Found a staircase to the Orcish Mines.
  9500 | D:11     | Noticed a cyclops
  9510 | D:11     | Killed a cyclops
  9614 | D:11     | Learned a level 4 spell: Passage of Golubria
  9638 | D:11     | Noticed a centaur warrior
  9646 | D:11     | Noticed Psyche
  9649 | D:11     | Killed a centaur warrior
  9649 | D:11     | Identified the +3 longbow of Fortitude {heavy, rElec Will+
                  | Dex-3} (Okawaru gifted it to you on level 11 of the
                  | Dungeon)
  9649 | D:11     | Received a gift from Okawaru
  9655 | D:11     | Killed Psyche
  9835 | D:11     | Noticed Fannar
  9844 | D:11     | Killed Fannar
  9902 | D:11     | Found a staircase to the Lair.
 10181 | D:11     | Found a portal to a secret trove of treasure.
 10244 | D:11     | Noticed Snorg
 10246 | D:11     | Noticed a two-headed ogre
 10322 | D:11     | Killed a two-headed ogre
 10322 | D:11     | Received a gift from Okawaru
 10323 | D:11     | Reached skill level 11 in Ranged Weapons
 10664 | D:11     | Killed Snorg
 10862 | D:11     | Noticed a cyclops
 10868 | D:11     | Killed a cyclops
 10869 | D:11     | Reached XP level 12. HP: 94/94 MP: 18/22
 11053 | Lair:1   | Entered Level 1 of the Lair of Beasts
 11365 | Lair:1   | Reached ****** piety under Okawaru
 11516 | Lair:1   | Received a gift from Okawaru
 11863 | Lair:1   | Noticed Maggie
 11890 | Lair:1   | Killed Maggie
 12056 | Lair:1   | Identified the +2 war axe "Bimutamp" {vamp, Dex+4}
 12275 | Lair:2   | Learned a level 5 spell: Silence
 12281 | Lair:2   | Learned a level 5 spell: Yara's Violent Unravelling
 12296 | Lair:2   | Found a runed translucent door.
 12298 | Lair:2   | Noticed puppykicker's ghost (journeyman TeHW)
 12400 | Lair:2   | Identified the +0 plate armour of Cebrifou {Harm rPois
                  | Str+5 Int-2}
 12678 | Lair:2   | Identified the +5 ring mail "Vapeqar" {rPois Regen+ Int-3}
                  | (Okawaru gifted it to you on level 2 of the Lair of Beasts)
 12678 | Lair:2   | Received a gift from Okawaru
 12915 | Lair:2   | Found a staircase to the Swamp.
 13000 | Lair:2   | You fall into a shaft and drop 1 floor!
 13487 | Lair:3   | Found an ornate altar of the Wu Jian Council.
 13765 | Lair:3   | Reached XP level 13. HP: 83/101 MP: 25/25
 13913 | Lair:3   | Found a staircase to the Snake Pit.
 14737 | Lair:4   | Found a staircase to the Slime Pits.
 14788 | Lair:4   | Noticed Josephine
 14801 | Lair:4   | Killed Josephine
 14806 | Lair:4   | Reached skill level 12 in Ranged Weapons
 14828 | Lair:4   | Received a gift from Okawaru
 15210 | Lair:4   | Found a dark tunnel.
 15827 | Lair:5   | Entered Level 5 of the Lair of Beasts
 15830 | Lair:5   | Reached skill level 10 in Fighting
 15830 | Lair:5   | Reached skill level 10 in Dodging
 15847 | Lair:5   | Received a gift from Okawaru
 16247 | Lair:5   | Reached XP level 14. HP: 110/110 MP: 27/27
 16266 | Lair:5   | Reached skill level 10 in Invocations
 16278 | Lair:5   | Received a gift from Okawaru
 16328 | Lair:5   | Received a gift from Okawaru
 16377 | Lair:5   | Received a gift from Okawaru
 16783 | Lair:5   | Received a gift from Okawaru
 17390 | Orc:1    | Entered Level 1 of the Orcish Mines
 17416 | Orc:1    | Found Kaimamu's Self-Improvement Boutique.
 17542 | D:10     | Received a gift from Okawaru
 17976 | Orc:2    | Entered Level 2 of the Orcish Mines
 18205 | Orc:2    | Noticed Jorgrun
 18211 | Orc:2    | Reached skill level 10 in Stealth
 18301 | Orc:2    | Found a staircase to the Elven Halls.
 18307 | Orc:2    | Paralysed by an ogre mage for 3 turns
 18361 | Orc:2    | Killed Jorgrun
 18488 | Orc:2    | Received a gift from Okawaru
 18504 | Orc:2    | Reached skill level 10 in Short Blades
 18504 | Orc:2    | Reached skill level 10 in Long Blades
 18504 | Orc:2    | Reached skill level 10 in Axes
 18504 | Orc:2    | Reached skill level 10 in Maces & Flails
 18504 | Orc:2    | Reached skill level 10 in Polearms
 18504 | Orc:2    | Reached skill level 10 in Staves
 18504 | Orc:2    | Reached skill level 10 in Throwing
 18504 | Orc:2    | Reached skill level 10 in Armour
 18504 | Orc:2    | Reached skill level 10 in Shields
 18504 | Orc:2    | Reached skill level 10 in Unarmed Combat
 18504 | Orc:2    | Reached skill level 10 in Spellcasting
 18504 | Orc:2    | Reached skill level 10 in Evocations
 18663 | Orc:2    | Found Xyedghim's Weapon Emporium.
 18696 | Orc:2    | Reached skill level 13 in Ranged Weapons
 18786 | Orc:2    | Found Filaczu's Magic Scroll Shoppe.
 18786 | Orc:2    | Found Ucuedwyi's Antique Armour Shop.
 18790 | Orc:2    | Found Fairisk's Assorted Antiques.
 18790 | Orc:2    | Found Caistr Jeca's Magic Scroll Emporium.
 18798 | Orc:2    | Bought a translucent scarf for 260 gold pieces
 18798 | Orc:2    | Identified the scarf "Elaoju" {harm, Rampage rPois rN+}
                  | (You bought it in a shop on level 2 of the Orcish Mines)
 18811 | Orc:2    | Bought a scroll of acquirement for 624 gold pieces
 18811 | Orc:2    | Acquired the +1 pair of boots "Huur" {rCorr}
 18827 | Orc:2    | Bought a glowing shortbow for 186 gold pieces
 18834 | Orc:2    | Bought a scroll of brand weapon for 114 gold pieces
 18878 | Orc:2    | Reached XP level 15. HP: 118/118 MP: 26/29
 18881 | Orc:2    | Noticed an orc warlord
 18909 | Orc:2    | Killed an orc warlord
 19242 | Orc:2    | Bought the +7 trident "Agah Cisk" {elec, rF++} for 818 gold
                  | pieces
 19468 | D:12     | Found a large runed translucent door.
 19469 | D:12     | Found a large runed translucent door.
 19516 | D:12     | Learned a level 6 spell: Iron Shot
 19647 | D:12     | Found a runed translucent gate.
 19647 | D:12     | Found a runed translucent gate.
 19647 | D:12     | Found a runed translucent gate.
 19648 | D:12     | Noticed Iniera's ghost (journeyman VSCj)
 20426 | D:13     | Noticed Maurice
 20438 | D:13     | Noticed Frances
 20505 | D:12     | Killed Frances
 20920 | D:13     | Received a gift from Okawaru
 21151 | D:13     | Found a gate to the Vaults.
 21161 | D:13     | Identified the +12 halberd of Defenestration {drain, Dex+9}
                  | (Okawaru gifted it to you on level 13 of the Dungeon)
 21161 | D:13     | Received a gift from Okawaru
 21306 | D:14     | Noticed Rupert
 21328 | D:14     | Killed Maurice
 21335 | D:14     | Killed Rupert
 21916 | D:15     | Entered Level 15 of the Dungeon
 22034 | D:15     | Received a gift from Okawaru
 22216 | D:15     | Received a gift from Okawaru
 22228 | D:15     | Reached XP level 16. HP: 127/127 MP: 23/30
 22507 | D:15     | Found a staircase to the Depths.
 22735 | D:15     | Paralysed by something for 2 turns
 22750 | D:15     | Paralysed by something for 2 turns
 23254 | D:15     | Received a gift from Okawaru
 23422 | D:6      | Bought an ancient quarterstaff for 297 gold pieces
 23422 | D:6      | Identified the +2 quarterstaff of Dissent {venom, rF+ Int+4
                  | Stlth+} (You bought it in a shop on level 6 of the Dungeon)
 23598 | Swamp:1  | Entered Level 1 of the Swamp
 23719 | Swamp:1  | Received a gift from Okawaru
 23923 | Swamp:1  | Received a gift from Okawaru
 23967 | Swamp:1  | Identified the +7 rapier of Eternal Vigilance {flame, rElec
                  | rPois Int+2 Dex-2}
 24275 | Swamp:2  | Noticed Nikola
 24294 | Swamp:1  | Killed Nikola
 24488 | Swamp:2  | Noticed Louise
 24501 | Swamp:2  | Killed Louise
 24502 | Swamp:2  | Reached skill level 14 in Ranged Weapons
 25067 | Swamp:2  | Mangled by an alligator

Illustrated notes

Levels and vault maps discovered:
D:1:      minmay_arrival_diagonal_passages, layout_basic, serial_shops,
          nicolae_shop_statue_plus
D:2:      layout_loops_corners, dilly_ecumenical_altar_fadedgnrine,
          minmay_circle_x
D:3:      layout_rooms
D:4:      layout_cave_pools, minmay_temple_entry_slanted, serial_column_ruins,
          column_ruins_hut_pillars, column_ruins_hut, column_ruins_grid_2,
          column_ruins_open_tiny, column_ruins_columns_water,
          column_ruins_open_medium, column_ruins_columns_straight,
          column_ruins_grid_4, enter_ossuary_1
D:5:      layout_basic, trog_butcher_becter,
          nicolae_kikubaaqudgha_miasma_corner, mainiacjoe_overflow_cross_hatched
D:6:      minmay_spotlight, layout_basic, serial_shops, nicolae_diamond_shop,
          nicolae_square_shop, kennysheep_nondescript
D:7:      layout_loops_ring, makhleb_altar_promises_db
D:8:      layout_cave_pools, vehumet_crystals
D:9:      layout_grid_maze, nicolae_overflow_two_pavilions, chequers_mini_garden
D:10:     layout_stronghold, orc_0_dummy, serial_shops, nicolae_shop_stone
D:11:     layout_basic, david_lair_shrubbed, enter_trove_6, feat_on_display,
          uniq_fannar, uniq_snorg, uniq_psyche
D:12:     okawaru_arena_lexackson, layout_layer_cave, gammafunk_ghost_spectres
D:13:     layout_cave_pools, grunt_vaults_entry_fortified, uniq_maurice,
          uniq_frances
D:14:     layout_rooms, nicolae_hitomezashi [nicolae_hito_row, nicolae_hito_row,
          nicolae_hito_row, nicolae_hito_row, nicolae_hito_row,
          nicolae_hito_row, nicolae_hito_row, nicolae_hito_row,
          nicolae_hito_row, nicolae_hito_row, nicolae_hito_row,
          nicolae_hito_row, nicolae_hito_row, nicolae_hito_row,
          nicolae_hito_row, nicolae_hito_row, nicolae_hito_row,
          nicolae_hito_row], uniq_rupert
D:15:     grunt_enter_depths_snipers, layout_stronghold
Temple:   nicolae_temple_no_exploring_needed
Lair:1:   layout_cave_pods, lemuel_fruit_fields, grunt_megastairs_5,
          infiniplex_staircase_pool_2, uniq_maggie
Lair:2:   layout_long_grid, nicolae_swamp_entry_splash_gauntlet,
          ebering_ghost_inner_flame, serial_bayou_shore_b
Lair:3:   layout_gridlike, nicolae_snake_entry_squirm, basic_altar, special_room
          [special_room_mythical_zoo]
Lair:4:   layout_small_grid, nicolae_slime_entry_slimehenge,
          nicolae_volcano_entry_batcave, grunt_megastairs_3, uniq_josephine
Lair:5:   minmay_lair_end_frog_pond, layout_regular_city
Swamp:1:  layout_basic_swamp, hangedman_swamp_ruin_hall, swamp_pool1
Swamp:2:  layout_basic_swamp, hangedman_swamp_cone, swamp_pool4,
          nicolae_swamp_bean_lake, infiniplex_staircase_pool, uniq_louise,
          uniq_nikola
Orc:1:    layout_caves, nicolae_shop_self_help
Orc:2:    st_orc_ogre_mass, layout_caves, serial_shops, nicolae_square_shop,
          basic_altar, uniq_jorgrun

Skill      XL: |  1  2  3  4  5  6  7  8  9 10 11 12 13 14 15 16 |
---------------+-------------------------------------------------+-----
Invocations    | 1 2 3 4 5 6 7 8 9 10 11 12 | 12.5
Short Blades   | 1 2 3 5 6 7 8 9 10 11 | 11.5
Long Blades    | 1 2 3 5 6 7 8 9 10 11 | 11.5
Axes           | 1 2 3 5 6 7 8 9 10 11 | 11.5
Maces & Flails | 1 2 3 5 6 7 8 9 10 11 | 11.5
Polearms       | 1 2 3 5 6 7 8 9 10 11 | 11.5
Staves         | 1 2 3 5 6 7 8 9 10 11 | 11.5
Throwing       | 1 2 3 5 6 7 8 9 10 11 | 11.5
Armour         | 1 2 3 5 6 7 8 9 10 11 | 11.5
Shields        | 1 2 3 5 6 7 8 9 10 11 | 11.5
Unarmed Combat | 1 2 3 5 6 7 8 9 10 11 | 11.5
Spellcasting   | 1 2 3 5 6 7 8 9 10 11 | 11.5
Evocations     | 1 2 3 5 6 7 8 9 10 11 | 11.5
Conjurations   | 1 2 3 4 5 6 7 8 9 |  9.7
Hexes          | 1 2 3 4 5 6 7 8 9 |  9.7
Summonings     | 1 2 3 4 5 6 7 8 9 |  9.7
Necromancy     | 1 2 3 4 5 6 7 8 9 |  9.7
Translocations | 1 2 3 4 5 6 7 8 9 |  9.7
Transmutations | 1 2 3 4 5 6 7 8 9 |  9.7
Fire Magic     | 1 2 3 4 5 6 7 8 9 |  9.7
Ice Magic      | 1 2 3 4 5 6 7 8 9 |  9.7
Air Magic      | 1 2 3 4 5 6 7 8 9 |  9.7
Earth Magic    | 1 2 3 4 5 6 7 8 9 |  9.7
Poison Magic   | 1 2 3 4 5 6 7 8 9 |  9.7
Stealth        | 3 4 5 6 7 8 9 10 11 | 11.7
Fighting       | 5 6 7 8 9 10 11 12 | 12.3
Dodging        | 5 6 7 8 9 10 11 12 | 12.3
Ranged Weapons | 9 10 11 12 13 14 | 14.1

Action                     |  1- 3 |  4- 6 |  7- 9 | 10-12 | 13-15 | 16-18 || total
---------------------------+-------+-------+-------+-------+-------+-------++-------
  Melee: Falchion          |       |       |    43 |   295 |   434 |    36 ||   808
         Flail             |       |       |     5 |       |       |       ||     5
         Punch             |       |       |     1 |    20 |    39 |     9 ||    69
         Bite              |       |       |     3 |    49 |    70 |    31 ||   153
         Dagger            |       |       |       |     9 |   138 |    56 ||   203
         Halberd           |       |       |       |       |    36 |    70 ||   106
         Trident           |       |       |       |       |    18 |       ||    18
   Fire: Shortbow          |    95 |   113 |   367 |   263 |   217 |   118 ||  1173
         Longbow           |       |       |       |       |   178 |       ||   178
  Throw: Dart              |       |       |       |     2 |     5 |       ||     7
   Cast: Mephitic Cloud    |       |       |       |    35 |   105 |    22 ||   162
         Flame Wave        |       |       |       |       |     7 |       ||     7
         Passage of Golubr |       |       |       |       |     2 |       ||     2
         Yara's Violent Un |       |       |       |       |     1 |       ||     1
 Invoke: Heroism           |       |       |       |       |     6 |       ||     6
         Finesse           |       |       |       |       |     4 |       ||     4
Ability: Evoke Blink       |       |       |       |     2 |       |       ||     2
  Evoke: Wand              |       |     1 |     5 |    10 |    20 |     8 ||    44
         Tin of tremorston |       |       |       |       |     2 |     1 ||     3
    Use: Scroll            |       |     7 |     4 |    14 |    12 |     2 ||    39
         Potion            |       |       |       |       |     2 |     4 ||     6
   Stab: Confused          |       |       |       |    27 |    60 |    11 ||    98
         Sleeping          |       |       |       |     2 |     4 |     3 ||     9
 Armour: Leather armour    |     5 |    10 |    34 |    12 |       |       ||    61
         Robe              |       |       |       |    39 |       |       ||    39
         Ring mail         |       |       |       |    20 |   266 |    64 ||   350
  Dodge: Dodged            |    27 |    21 |   151 |   269 |   686 |   152 ||  1306

Table legend: (Time is in decaauts)
 A = Elapsed time spent in this place.
 B = Non-inter-level travel time spent in this place.
 C = Inter-level travel time spent in this place.
 D = Time resting spent in this place.
 E = Time spent auto-exploring this place.
 F = Levels seen in this place.
 G = Mean time per level.
                   A        B        C        D        E       F      G
               +--------+--------+--------+--------+--------+-----+--------+
         Total |  25050 |  23193 |   1857 |   1832 |  16045 |  26 |  963.5 |
       Dungeon |  15241 |  14057 |   1184 |   1045 |  10250 |  15 | 1016.1 |
        Temple |     12 |     12 |      0 |      0 |      0 |   1 |   12.0 |
          Lair |   6219 |   5699 |    520 |    400 |   3855 |   5 | 1243.8 |
         Swamp |   1564 |   1549 |     15 |    220 |    976 |   2 |  782.0 |
  Orcish Mines |   1691 |   1554 |    137 |    167 |    852 |   2 |  845.5 |
       Ossuary |    321 |    321 |      0 |      0 |    111 |   1 |  321.0 |
               +--------+--------+--------+--------+--------+-----+--------+

Top non-repeatable levels by time:
    D:11: 1738 daAuts
     D:9: 1406 daAuts
  Lair:3: 1387 daAuts
    D:10: 1358 daAuts
     D:7: 1320 daAuts
  Lair:5: 1264 daAuts
  Lair:1: 1252 daAuts
    D:12: 1241 daAuts
    D:15: 1239 daAuts
  Lair:2: 1198 daAuts
  Lair:4: 1116 daAuts
     D:6: 1024 daAuts
   Orc:2: 1007 daAuts
     D:5: 973 daAuts
     D:2: 961 daAuts
